 Dungeon Sprint DCSS version 0.20.1-1-g8b1a95d (webtiles) character file.

1617 potatolord6000 the Cleaver (level 8, -2/83 HPs)
             Began as a Hill Orc Monk on Sept 11, 2017.
             Was the Champion of Beogh.
             Slain by a freezing wraith (10 damage)
             ... in the Dungeon (Sprint VII: "The Pits").
             The game lasted 00:03:25 (1054 turns).

potatolord6000 the Cleaver (Hill Orc Monk)          Turns: 1054, Time: 00:03:26

Health: -2/83      AC: 19    Str: 16    XL:     8   Next: 96%
Magic:  17/17      EV: 12    Int: 10    God:    Beogh [******]
Gold:   0          SH:  0    Dex: 13    Spells: 7/7 levels left

rFire    . . .     SeeInvis .   r - +2 war axe (freeze)
rCold    . . .     Gourm    .   (no shield)
rNeg     . . .     Faith    .   j - +3 plate armour
rPois    .         Spirit   .   (no helmet)
rElec    .         Reflect  .   p - +0 cloak
rCorr    .         Harm     .   (no gloves)
MR       .....     NoTele   +   (no boots)
Stlth    ..........             (no amulet)
Regen    0.3/turn               b - +3 ring of evasion
MPRegen  0.2/turn               f - +3 ring of evasion

@: mesmerised, slowed, very slow
A: walk on water
a: Smiting, Recall Orcish Followers, Give Item to Named Follower, Resurrection,
Renounce Religion


You were in the Dungeon.
You worshipped Beogh.
Beogh was exalted by your worship.
You were full.

You visited 1 branch

Inventory:

Hand Weapons
 r - a +2 war axe of freezing (weapon)
Armour
 j - a +3 plate armour (worn)
 p - a +0 cloak (worn)
Jewellery
 b - a +3 ring of evasion (left hand)
 f - a +3 ring of evasion (right hand)
Scrolls
 i - a scroll of blinking
 k - 3 scrolls of remove curse
 l - 5 scrolls of amnesia
 m - a scroll of summoning
Potions
 a - 2 potions of invisibility
 d - 4 potions of curing
 e - 9 potions of heal wounds
 g - 4 potions of magic
 h - 2 potions of berserk rage
 q - 4 potions of might
Comestibles
 c - 8 bread rations
 n - 40 fruits
 o - 5 meat rations


   Skills:
 + Level 12.0 Fighting
 + Level 12.9 Axes
 + Level 10.5 Armour
 - Level 2.4 Dodging
 - Level 1.5 Stealth
 + Level 12.3 Invocations


You had 7 spell levels left.
You didn't know any spells.

Dungeon Overview and Level Annotations

Branches:
Dungeon (1/1)

Altars:
Ashenzari
Cheibriados
Dithmenos
Elyvilon
Fedhas
Gozag
Hepliaklqana
Kikubaaqudgha
Makhleb
Nemelex Xobeh
Okawaru
Qazlal
Ru
Sif Muna
Trog
Uskayaw
Vehumet
Xom
Yredelemnul
Zin
The Shining One
Beogh
Jiyva
Lugonu


Message History

The merfolk siren chants its luring song.
Unknown command.
Unknown command.
Unknown command.
Unknown command.
Unknown command.
Unknown command.
You're too confused!
You're too confused!
You're too confused!
You feel better.
The swamp drake bites you but does no damage.
The freezing wraith hits you but does no damage.
The freezing wraith misses you. The wraith hits you but does no damage.
The merfolk siren chants its luring song.
The swamp drake barely misses you.
The sea snake misses the wolf.
The freezing wraith hits you.
* * * LOW HITPOINT WARNING * * *
The freezing wraith freezes you!
You die...

.#))#####'#####''######
##))##.......##'†#####
.#))##.......##......+
.#..##.......##......+ .
##'###...<...##.....##..
..†.##.......##...###...
....##.......##Sh##.....
######.......##''#H..#..
.#.. ##########.@Wh.....
.#.############kW#hm.#..
.#.#....#.![.##..##.....
.#'#....#!.[[##... ##...
.#.†....'..))##... ..
.#'#....#.!))###... .
.'.#....#..))# ###.
############## ##


You could see a sea snake (confused), a manticore, a freezing wraith, a merfolk
siren, a wraith, a swamp drake and 3 wolves.

Vanquished Creatures
  An elephant (D)
  A hippogriff (D)
  A wyvern (D)
  A hungry ghost (D)
  A steam dragon (D)
  A warg (D)
  A floating eye (D)
  An ice beast (D)
  3 necrophages (D)
  A phantom (D)
  A wolf (D)
  A quasit (D)
  A river rat (D)
  An ooze (D)
  A bat skeleton (D)
  A bat zombie (D)
  2 giant cockroaches (D)
  2 hobgoblins (D)
  A jackal (D)
  A kobold (D)
  A quokka (D)
  A bat simulacrum (D)
  A goblin (D)
  A leopard gecko skeleton (D)
28 creatures vanquished.

Vanquished Creatures (others)
  An orc sorcerer (D)
1 creature vanquished.

Grand Total: 29 creatures vanquished

Notes
Turn   | Place    | Note
-------+----------+-------------------------------------------
     0 | D        | potatolord6000 the Hill Orc Monk began the quest for the Orb.
     0 | D        | Reached XP level 1. HP: 19/19 MP: 1/1
    16 | D        | Reached skill level 1 in Armour
    23 | D        | Found a bloodstained altar of Trog.
    23 | D        | Found a deep blue altar of Sif Muna.
    23 | D        | Found a viscous altar of Jiyva.
    23 | D        | Found a hazy altar of Hepliaklqana.
    23 | D        | Found an opulent altar of Gozag.
    50 | D        | Found a glowing golden altar of the Shining One.
    50 | D        | Found a glowing silver altar of Zin.
    50 | D        | Found a basalt altar of Yredelemnul.
    50 | D        | Found a shimmering altar of Xom.
    50 | D        | Found a sacrificial altar of Ru.
    50 | D        | Found a stormy altar of Qazlal.
    50 | D        | Found an iron altar of Okawaru.
    50 | D        | Found a sparkling altar of Nemelex Xobeh.
    50 | D        | Found a burning altar of Makhleb.
    50 | D        | Found a blossoming altar of Fedhas.
    50 | D        | Found a white marble altar of Elyvilon.
    50 | D        | Found a shadowy altar of Dithmenos.
    50 | D        | Found a snail-covered altar of Cheibriados.
    53 | D        | Found a corrupted altar of Lugonu.
    53 | D        | Found a radiant altar of Vehumet.
    53 | D        | Found a roughly hewn altar of Beogh.
    55 | D        | Found a shattered altar of Ashenzari.
    55 | D        | Found an ancient bone altar of Kikubaaqudgha.
    55 | D        | Found a hide-covered altar of Uskayaw.
    64 | D        | Became a worshipper of Beogh the Brigand
    64 | D        | Reached * piety under Beogh
    64 | D        | Reached ** piety under Beogh
    83 | D        | Noticed a floating eye
    87 | D        | Paralysed by a floating eye for 2 turns
    94 | D        | Killed a floating eye
    94 | D        | Reached skill level 5 in Invocations
    94 | D        | Reached XP level 2. HP: 19/31 MP: 1/5
    94 | D        | Reached XP level 3. HP: 24/38 MP: 1/7
    94 | D        | Reached XP level 4. HP: 28/45 MP: 1/8
   219 | D        | Reached *** piety under Beogh
   259 | D        | Noticed a warg
   263 | D        | Killed a warg
   263 | D        | Reached XP level 5. HP: 41/53 MP: 5/10
   263 | D        | Reached XP level 6. HP: 47/61 MP: 5/11
   338 | D        | Noticed an ice beast
   339 | D        | Noticed a hungry ghost
   339 | D        | Noticed a necrophage
   339 | D        | Noticed a phantom
   343 | D        | Reached **** piety under Beogh
   355 | D        | Killed an ice beast
   360 | D        | Killed a phantom
   360 | D        | Reached skill level 10 in Axes
   363 | D        | Killed a hungry ghost
   363 | D        | Reached XP level 7. HP: 57/71 MP: 11/14
   365 | D        | Reached skill level 10 in Fighting
   365 | D        | Reached skill level 10 in Invocations
   382 | D        | Reached ***** piety under Beogh
   546 | D        | Noticed a steam dragon
   557 | D        | Killed a steam dragon
   718 | D        | Reached XP level 8. HP: 80/81 MP: 16/16
   730 | D        | Noticed an elephant
   738 | D        | Killed an elephant
   878 | D        | Noticed a hippogriff
   878 | D        | Noticed a wyvern
   889 | D        | Killed a wyvern
   889 | D        | Reached ****** piety under Beogh
   889 | D        | Reached skill level 10 in Armour
   893 | D        | Killed a hippogriff
  1036 | D        | Noticed an orc sorcerer
  1038 | D        | Noticed a freezing wraith
  1039 | D        | Noticed a wraith
  1040 | D        | Noticed a manticore
  1040 | D        | Noticed a merfolk siren
  1040 | D        | Noticed a sea snake
  1040 | D        | Paralysed by an orc sorcerer for 2 turns
  1042 | D        | Noticed a hellwing
  1053 | D        | HP: 1/83 [freezing wraith (5)]
  1054 | D        | Slain by a freezing wraith

Skill      XL: |  1  2  3  4  5  6  7  8 |
---------------+-------------------------+-----
Armour         | 4 6 8 9 10 | 10.5
Fighting       | 6 7 9 10 12 | 12.0
Axes           | 7 8 10 11 12 | 12.9
Invocations    | 5 7 9 10 12 | 12.3
Dodging        | |  2.4
Stealth        | |  1.5

Action                   |  1- 3 |  4- 6 |  7- 9 || total
-------------------------+-------+-------+-------++-------
Melee: Hand axe          |    11 |    35 |    69 ||   115
       War axe           |       |       |    23 ||    23
Invok: Smiting           |       |     2 |     1 ||     3
  Use: Potion            |       |     3 |     2 ||     5
 Stab: Sleeping          |       |     1 |       ||     1
  Eat: Meat ration       |       |       |     2 ||     2
Armor: Robe              |       |     1 |       ||     1
       Plate armour      |       |    13 |   118 ||   131
Dodge: Dodged            |     9 |    22 |    48 ||    79
